 Dungeon Crawl Stone Soup version 0.19-a0-1920-g83281cb (webtiles) character file.

70 Kaname the Charmwright (level 4, 19/33 HPs)
             Began as a Demonspawn Skald on Oct 23, 2016.
             Got out of the dungeon alive.
             The game lasted 00:03:58 (1521 turns).

Kaname the Charmwright (Demonspawn Skald)           Turns: 1521, Time: 00:03:58

Health: 19/33      AC: 11    Str: 13    XL:     4   Next: 4%
Magic:  7/7        EV: 10    Int: 14    God:
Gold:   113        SH:  0    Dex: 12    Spells: 3 memorised, 2 levels left

rFire  . . .     SeeInvis .     o - +0 whip (elec)
rCold  . . .     Gourm    .     l - +0 ring mail (curse)
rNeg   . . .     Faith    .     (no shield)
rPois  +         Spirit   .     (no helmet)
rElec  .         Reflect  .     (no cloak)
rCorr  .         Harm     .     (no gloves)
MR     .....     Rnd*Tele +     (no boots)
Stlth  ..........               (no amulet)
                                g - ring of teleportation (curse)
                                e - ring of poison resistance

@: sanguine armour
A: hooves 1, sanguine armour 1
a: no special abilities


You escaped.
You were not hungry.

You visited 1 branch of the dungeon, and saw 2 of its levels.

You collected 113 gold pieces.

Inventory:

Hand Weapons
 o - a +0 whip of electrocution (weapon)
Missiles
 m - a throwing net (quivered)
Armour
 b - a +0 leather armour
 l - a cursed +0 ring mail (worn)
 p - a +1 robe of fire resistance
Jewellery
 e - a ring of poison resistance (left hand)
 g - a cursed ring of teleportation (right hand)
Scrolls
 h - a scroll of teleportation
 i - 2 scrolls of identify
 n - a scroll of fear
 q - a scroll of magic mapping
Potions
 a - a potion of degeneration {unknown}
 f - 2 potions of curing
 k - a potion of flight {unknown}
 r - a potion of cure mutation {unknown}
Books
 c - a book of Battle

   Spells                             Type                      Level
   a - Infusion                       Charms                       1
   b - Shroud of Golubria             Charms/Translocation         2
   c - Song of Slaying                Charms                       2
   d - Spectral Weapon                Hexes/Charms                 3
   e - Regeneration                   Charms/Necromancy            3
Comestibles
 d - 2 bread rations
 j - 3 meat rations


   Skills:
 - Level 2.0 Fighting
   Level 1.7 Short Blades
 - Level 0.8 Armour
 - Level 0.8 Dodging
 - Level 2.0 Spellcasting
 + Level 4.4 Charms


You had 2 spell levels left.
You knew the following spells:

 Your Spells              Type           Power        Failure   Level  Hunger
a - Infusion              Chrm           ##..         12%         1    ##.....
b - Song of Slaying       Chrm           ##......     14%         2    ###....
c - Shroud of Golubria    Chrm/Tloc      #.........   34%         2    ###....


Dungeon Overview and Level Annotations

Branches:
Dungeon (2/15)

Altars:


Innate Abilities, Weirdness & Mutations

You have large cloven feet.
When seriously injured, your bleeding wounds create armour. (AC +6)


Message History

No target in view!
No target in view!
No target in view!
No target in view!
No target in view!
No target in view!
No target in view!
No target in view!
No target in view!
No target in view!
There is a stone staircase leading down here.
Found 6 gold pieces.
There is a stone staircase leading up here.
You climb upwards.
There is a stone staircase leading down here.
You see here a dagger.
There is an open door, spattered with blood here.
There is a staircase leading out of the dungeon here.
Are you sure you want to leave the Dungeon?
This will make you lose the game!
You have escaped!

.###..##.......#................(
.####.(......###########.........
............##.....## #.........
.#######..=##.......## #.........
>#########'#.........###.........
.........##...........##.........
..########.............+.........
#########..............##........
................@.......)........
######.##..............##..#.####
#####.............###...# #
##...........#####..#
##.........##....#.#
#'.......######.#.####
###.....'#...##.#.....
##########..#.##...####
######....##.....#.......#..


There were no monsters in sight!

Vanquished Creatures
  An adder (D:2)
  An ooze (D:1)
  2 dart slugs (D:1)
  4 bats
  4 goblins
  6 hobgoblins
  13 jackals
  2 quokkas (D:2)
  A ball python (D:1)
  4 frilled lizards
  5 kobolds
  4 rats
47 creatures vanquished.

Notes
Turn   | Place    | Note
-------+----------+-------------------------------------------
     0 | D:1      | Kaname the Demonspawn Skald began the quest for the Orb.
     0 | D:1      | Reached XP level 1. HP: 16/16 MP: 3/3
    24 | D:1      | Reached skill level 3 in Charms
   109 | D:1      | Gained mutation: You have large cloven feet. [demonic ancestry]
   109 | D:1      | Reached XP level 2. HP: 19/22 MP: 5/5
   364 | D:1      | Reached XP level 3. HP: 9/27 MP: 0/6
   820 | D:2      | Reached skill level 4 in Charms
   952 | D:2      | Learned a level 2 spell: Song of Slaying
   955 | D:2      | Learned a level 2 spell: Shroud of Golubria
  1466 | D:2      | Gained mutation: When seriously injured, your bleeding wounds create armour. (AC +6) [demonic ancestry]
  1466 | D:2      | Reached XP level 4. HP: 13/33 MP: 7/7
  1521 | D:$      | Got out of the dungeon alive.

Vault maps used:
D:1:      lemuel_arrival_rhombus
D:2:      overflow_temple_1_default

Skill      XL: |  1  2  3 |
---------------+----------+-----
Charms         | 3 4 |  4.4
Fighting       | |  2.0
Short Blades   | |  1.7
Armour         | |  0.8
Dodging        | |  0.8
Spellcasting   | |  2.0

Action                   |  1- 3 |  4- 6 || total
-------------------------+-------+-------++-------
Melee: Short sword       |   128 |       ||   128
       Kick              |    23 |     1 ||    24
       Whip              |    30 |     5 ||    35
 Cast: Infusion          |     5 |       ||     5
       Song of Slaying   |     1 |       ||     1
  Use: Scroll            |     5 |       ||     5
  Eat: Chunk             |     2 |       ||     2
Armor: Leather armour    |     5 |       ||     5
       Ring mail         |    86 |     4 ||    90
Dodge: Dodged            |   123 |     5 ||   128
